 Dungeon Crawl Stone Soup version 0.27-a0-909-g0721f309d1 (webtiles) character file.

Game seed: 14172744912252705384

262408 EnegeticOcto the Warrior (level 19, -4/154 HPs)
             Began as a Djinni Earth Elementalist on Apr 7, 2021.
             Was the Champion of Makhleb.
             Slain by a rockslime (40 damage)
             ... on level 5 of the Pits of Slime on Apr 8, 2021.
             The game lasted 01:21:14 (7307 turns).

EnegeticOcto the Warrior (DjEE)                     Turns: 7307, Time: 01:21:14

Health: -4/154     AC:  9    Str:  9    XL:     19   Next: 99%
Gold:   1099       EV: 15    Int: 25    God:    Makhleb [******] SH: 13 Dex: 19

rFire    + + .     SeeInvis .   w - staff of conjuration
rCold    x . .     Faith    .   P - +0 kite shield
rNeg     . . .     Spirit   .   C - +2 troll leather armour
rPois    ∞         Reflect  .   E - +2 helmet
rElec    .         Harm     .   W - +1 cloak
rCorr    +         Rampage  .   Y - +0 pair of gloves {Dex+3}
Will     +....     Rnd*Tele +   (boots unavailable)
Stlth    +++.......             D - amulet of regeneration
HPRegen  3.35/turn              X - ring of resist corrosion
MPRegen  0.00/turn              S - ring of Amelioration {Will++ MP+9 Str+2}

@: weak-willed, engulfed (cannot breathe), corroded, flying, studying Axes
A: fire resistance 2, cold vulnerability 1, float, innate caster, hp casting,
extra vitality 1, thin skeletal structure 1, regeneration 1, teleportitis 1,
MP-powered wands
}: 2/15 runes: decaying, serpentine
a: Renounce Religion, Minor Destruction, Lesser Servant of Makhleb, Major
Destruction, Greater Servant of Makhleb


You were on level 5 of the Pits of Slime.
You worshipped Makhleb.
Makhleb was exalted by your worship.
You visited 7 branches of the dungeon, and saw 35 of its levels.
You also visited: Gauntlet.

You collected 2269 gold pieces.
You spent 1170 gold pieces at shops.

Inventory:

Hand Weapons
 A - a +2 whip of distortion
   (You took it off a kobold brigand on level 7 of the Dungeon)
 V - the +2 hand axe of Cheibriados's Regard {holy, rElec rPois Will+ Stlth+}
   (You found it on level 1 of the Swamp)

   It has been blessed by the Shining One to cause great damage to the undead
   and demons.
   It insulates you from electricity.
   It protects you from poison.
   It increases your willpower.
   It makes you more stealthy.
Missiles
 y - 9 throwing nets {!f}
 z - 21 curare-tipped darts
 N - 12 silver javelins
Armour
 c - a +1 hat of intelligence
   (You took it off Gastronok on level 1 of the Lair of Beasts)
 C - a +2 troll leather armour (worn)
   (You found it on level 9 of the Dungeon)
 E - a +2 helmet (worn)
   (You found it on level 3 of the Elven Halls)
 P - a +0 kite shield (worn)
   (You took it off a naga warrior on level 3 of the Snake Pit)
 W - a +1 cloak (worn)
   (You bought it in a shop on level 2 of the Orcish Mines)
 Y - a +0 pair of gloves of dexterity (worn)
   (You bought it in a shop on level 9 of the Dungeon)
Magical Staves
 e - a staff of earth
   (You found it on level 2 of the Dungeon)
 o - a staff of cold
   (You found it on level 5 of the Dungeon)
 w - a staff of conjuration (weapon)
   (You found it on level 6 of the Dungeon)
Jewellery
 f - a ring of see invisible
   (You found it on level 1 of the Dungeon)
 g - a ring of wizardry
   (You found it on level 3 of the Elven Halls)
 D - an amulet of regeneration (around neck)
   (You found it on level 9 of the Dungeon)
 F - a +4 ring of protection
   (You found it on level 2 of the Lair of Beasts)
 M - the ring "Tir Ware" {+Inv rElec rF+ rC+++ Str-2}
   (You found it in a Gauntlet)

   [ring of protection from fire]

   It affects your strength (-2).
   It protects you from fire.
   It renders you almost immune to cold.
   It insulates you from electricity.
   It lets you turn invisible.
 S - the ring of Amelioration (right hand) {Will++ MP+9 Str+2}
   (You found it on level 3 of the Elven Halls)

   [ring of magical power]

   It affects your strength (+2).
   It affects your magic capacity (+9).
   It greatly increases your willpower.
 X - a ring of resist corrosion (left hand)
   (You bought it in a shop on level 2 of the Orcish Mines)
Wands
 b - a wand of digging (14) {@v3}
   (You found it on level 3 of the Lair of Beasts)
 k - a wand of paralysis (20)
   (You took it off Ijyb on level 4 of the Dungeon)
 H - a wand of charming (25)
   (You found it on level 3 of the Lair of Beasts)
 J - a wand of acid (28) {@v1}
   (You found it on level 4 of the Lair of Beasts)
 O - a wand of iceblast (5) {@v2}
   (You found it in a Gauntlet)
Scrolls
 d - 3 scrolls of magic mapping {@r5 !r}
 s - 4 scrolls of teleportation {@r3 !r}
 t - a scroll of summoning
 u - a scroll of fear {!r}
 B - 3 scrolls of immolation
 I - a scroll of silence
 K - a scroll of torment {unknown}
 Q - a scroll of enchant weapon
 T - 3 scrolls of fog {!r}
Potions
 a - a potion of might {@q3 !q}
 h - 4 potions of attraction
 j - a potion of ambrosia
 m - 2 potions of invisibility
 n - 8 potions of curing {@q1 !q}
 p - 5 potions of heal wounds {@q2 !q}
 q - 3 potions of lignification {@q6}
 v - 2 potions of brilliance
 x - 3 potions of haste {@q4 !q}
 U - a potion of mutation
Miscellaneous
 l - a phial of floods
   (You found it on level 3 of the Elven Halls)
 G - a tin of tremorstones (1/2)
   (You found it on level 3 of the Elven Halls)
 L - a condenser vane
   (You found it on level 5 of the Lair of Beasts)


   Skills:
 + Level 19.2 Fighting
 + Level 6.0 Armour
 - Level 6.0 Dodging
 - Level 1.5 Stealth
 + Level 14.2 Shields
 + Level 18.2 Spellcasting
 - Level 6.0 Invocations
 - Level 8.0 Evocations


You couldn't memorise any spells.
You knew the following spells:

 Your Spells              Type           Power      Damage    Failure   Level
a - Stone Arrow           Conj/Erth      100%       3d13      0%          3
b - Sandblast             Erth           100%       2d20      0%          1
c - Fireball              Conj/Fire      53%        3d21      1%          5
d - Lee's Rapid Deconstr  Erth           42%        3d22*     1%          5
e - Petrify               Tmut/Erth      85%        N/A       1%          4
f - Slow                  Hex            85%        N/A       0%          2
g - Freezing Cloud        Conj/Ice/Air   53%        6-21      1%          6
h - Iskenderun's Mystic   Conj/Tloc      100%       2d19      1%          4
i - Death Channel         Necr           42%        N/A       1%          6
j - Malign Gateway        Summ/Tloc      42%        N/A       1%          7
p - Passwall              Tmut/Erth      70%        N/A       0%          2
z - Agony                 Necr           85%        N/A       1%          5
C - Beastly Appendage     Tmut           100%       N/A       0%          1
V - Confusing Touch       Hex            85%        N/A       0%          3
Your spell library was empty.

Dungeon Overview and Level Annotations

Branches:
Dungeon (11/15)            Temple (0/1) D:5            Lair (6/6) D:11
  Swamp (4/4) Lair:3        Snake (4/4) Lair:4        Slime (5/5) Lair:6
    Orc (2/2) D:10            Elf (3/3) Orc:2       Gauntlet (visited)

Altars:
Cheibriados
Fedhas
Kikubaaqudgha
Makhleb
Nemelex Xobeh
Qazlal
Uskayaw
Wu Jian
Zin
The Shining One
Jiyva

Shops:
D:2 *!   D:5 !   D:8 !   D:9 [   Orc:2 :*[:   Snake:4 (


Innate Abilities, Weirdness & Mutations

You are immune to poison.
Your flesh is very heat resistant. (rF++)
You are vulnerable to cold. (rC-)
You float through the air rather than walking.
You learn spells naturally, not from books.
Your magical power is your life essence.
You have superior vitality. (+4 HP)
You have a somewhat thin skeletal structure. (Dex +2, Stealth)
Your natural rate of healing is unusually fast.
You are occasionally teleported next to monsters.
You expend health (3 HP) to strengthen your wands.


Message History

Flame seeps out of the azure jelly.
Your Armour skill increases to level 6!
Casting: Iskenderun's Mystic Blast (safe; 1% risk of failure)
Press: ? - help, Q - select action, (/) - cycle Dir - look around, f - activate You feel a surge of power!
You erupt in a blast of force!
The mystic blast hits the acid blob!!
Flame seeps out of the acid blob.
The acid blob is almost dead.
The acid blob is knocked back by the mystic blast.
The mystic blast hits the quicksilver ooze!
The quicksilver ooze is severely wounded.
The mystic blast hits the azure jelly!!
You kill the azure jelly!
That felt strangely unrewarding.
The mystic blast hits the acid blob!!
Flame seeps out of the acid blob.
The acid blob is severely wounded.
The acid blob is knocked back by the mystic blast.
The acid blob collides with the rockslime!
Flame seeps out of the acid blob.
The mystic blast hits the rockslime.
The rockslime is lightly wounded.
The rockslime is knocked back by the mystic blast.
The rockslime collides with the azure jelly!
The mystic blast hits the rockslime!
The rockslime is moderately wounded.
The rockslime is knocked back by the mystic blast.
The rockslime collides with the azure jelly!
The mystic blast hits the rockslime!
The rockslime is lightly wounded.
The mystic blast hits the rockslime!
Flame seeps out of the rockslime.
The rockslime is severely wounded.
The rockslime is knocked back by the mystic blast.
* * * LOW HITPOINT WARNING * * *
The azure jelly is engulfed in blazing flames.
The acid blob spits acid at you. The splash of acid hits you. You resist.
* * * LOW HITPOINT WARNING * * *
The acid corrodes you!
You are splashed with acid.
You resist.
* * * LOW HITPOINT WARNING * * *
The azure jelly is engulfed in blazing flames.
You kill the azure jelly!
That felt strangely unrewarding.
The azure jelly is engulfed in blazing flames.
Flame seeps out of the azure jelly.
The rockslime is engulfed in blazing flames.
You block the rockslime's attack.
The azure jelly is engulfed in blazing flames.
You kill the azure jelly!
That felt strangely unrewarding.
The azure jelly is engulfed in blazing flames.
Flame seeps out of the azure jelly.
The acid blob spits acid at you. The splash of acid hits you. You resist.
* * * LOW HITPOINT WARNING * * *
You are splashed with acid.
You resist.
* * * LOW HITPOINT WARNING * * *
The acid blob is engulfed in blazing flames.
Flame seeps out of the acid blob.
The azure jelly is engulfed in blazing flames.
The azure jelly explodes!
The fiery explosion engulfs the azure jelly!
The azure jelly is burned terribly!
Flame seeps out of the azure jelly.
The azure jelly is severely wounded.
The quicksilver ooze hits you.
* * * LOW HITPOINT WARNING * * *
The quicksilver ooze engulfs you! The quicksilver ooze hits you!
* * * LOW HITPOINT WARNING * * *
The azure jelly is engulfed in blazing flames.
Flame seeps out of the azure jelly.
The rockslime is engulfed in blazing flames.
Really quaff
p - 7 potions of heal wounds {@q2 !q}?
You feel much better.
* * * LOW HITPOINT WARNING * * *
Your lungs strain for air!
The acid blob is engulfed in blazing flames.
Flame seeps out of the acid blob.
The rockslime is engulfed in blazing flames.
Flame seeps out of the rockslime.
The quicksilver ooze barely misses you.
You block the quicksilver ooze's attack.
The rockslime hits you!!
* * * LOW HITPOINT WARNING * * *
You are shoved backwards!
The acid blob is engulfed in blazing flames.
The acid blob explodes!
The fiery explosion engulfs the rockslime.
The rockslime resists.
Flame seeps out of the rockslime.
The rockslime is moderately wounded.
The fiery explosion engulfs the acid blob!!
The acid blob is heavily wounded.
The fiery explosion engulfs the rockslime.
The rockslime resists.
The rockslime is lightly wounded.
The quicksilver ooze hits you.
* * * LOW HITPOINT WARNING * * *
The quicksilver ooze barely misses you.
Really quaff
p - 6 potions of heal wounds {@q2 !q}?
You feel much better.
* * * LOW HITPOINT WARNING * * *
Your lungs strain for air!
The rockslime hits you!!!
You die...

............## ##.# # ..
............## #..# ...
.............#####.### ....
..............#......###.....
.............................
.............................
...........§☼☼J..............
..........§J○§§J.............
#.........§☼J§JJ@............
####..<....°§..J.............
#......§§§J...............
#.........................
##........................
##.....J................
#.....................
##...................
#####..##..#....


You could see 2 acid blobs, an azure jelly (inner flame), 5 rockslimes and a
quicksilver ooze.

Vanquished Creatures
  the Royal Jelly (Slime:5)
  3 deep elf blademasters (Elf:3)
  A deep elf master archer (Elf:3)
  14 acid blobs
  Kirke (Lair:6)
  3 thorn hunters
  Gastronok (Lair:1)
  6 nagarajas
  9 azure jellies
  5 rockslimes
  6 deep elf sorcerers (Elf:3)
  7 deep elf elementalists (Elf:3)
  12 quicksilver oozes
  9 deep elf annihilators
  5 deep elf demonologists (Elf:3)
  3 bunyips
  A minotaur (Gauntlet)
  9 deep elf death magi (Elf:3)
  4 eleionomae
  Snorg (Lair:3)
  2 salamander tyrants (Snake:4)
  4 deep elf high priests (Elf:3)
  4 great orbs of eyes
  2 shambling mangroves (Swamp:4)
  A spriggan air mage (Swamp:3)
  An ice dragon (Lair:4)
  12 naga warriors
  19 hydras
  4 anacondas
  A two-headed ogre (D:9)
  5 dancing weapons
  4 alligators
  5 death yaks (Lair:4)
  6 shock serpents
  3 orc high priests (Orc:2)
  Sonja (D:10)
  8 naga sharpshooters (Snake:4)
  6 deep elf knights
  3 salamander mystics
  A goliath frog (Swamp:3)
  2 spriggan druids
  11 naga ritualists
  3 bog bodies (Swamp:4)
  A wizard (Gauntlet)
  10 swamp dragons
  4 deep elf archers
  6 deep elf zephyrmancers
  6 orc knights
  7 deep elf pyromancers
  3 shining eyes
  8 salamanders
  9 mana vipers
  4 orc sorcerers (Orc:2)
  2 will-o-the-wisps
  10 elephants (Lair:4)
  2 torpor snails
  25 black mambas
  An eye of devastation (Slime:3)
  3 guardian serpents
  An ice statue (Lair:4)
  23 naga magi
  8 cane toads
  A gargoyle (D:9)
  A yaktaur (shapeshifter) (Elf:3)
  3 rime drakes
  10 komodo dragons
  5 polar bears
  A meliai (shapeshifter) (Elf:3)
  A merfolk (D:10)
  14 blink frogs
  A bloated husk (Swamp:3)
  5 trolls
  15 hornets
  7 tyrant leeches
  36 slime creatures
  5 shadows
  2 air elementals
  21 spriggans
  3 wyverns
  3 water elementals
  A wraith (D:9)
  38 yaks
  A hog (Lair:6)
  3 humans (Lair:6)
  6 basilisks
  6 golden eyes
  2 steam dragons
  2 vampire mosquitoes (Swamp:4)
  4 wargs
  12 swamp worms
  31 nagas
  13 water moccasins
  A floating eye (Slime:5)
  9 swamp drakes
  6 ice beasts
  16 orc warriors
  A black bear (Lair:6)
  2 sky beasts
  5 ogres
  38 wolves
  3 boggarts (Lair:6)
  4 centaurs
  2 kobold brigands
  A phantom (D:7)
  9 bullfrogs
  4 gnoll sergeants
  A water moccasin skeleton (D:5)
  8 killer bees
  2 electric eels
  4 howler monkeys
  A centaur zombie (D:9)
  A bullfrog zombie (D:7)
  6 hounds
  8 orc priests
  2 bullfrog skeletons
  4 gnoll shamans
  3 jellies
  Ijyb (D:4)
  16 orc wizards
  5 iguanas
  A hound zombie (D:5)
  27 gnolls
  4 adders
  A shadow imp (D:8)
  4 white imps
  An adder skeleton (D:4)
  49 orcs
  6 ball pythons
  7 endoplasms
  4 giant cockroaches
  8 goblins
  A hobgoblin (D:3)
  2 jackals
  4 quokkas
  6 bats
  5 frilled lizards
  14 kobolds
  A quokka skeleton (D:4)
  5 rats
  2 briar patches (Swamp:4)
910 creatures vanquished.

Vanquished Creatures (others)
  A komodo dragon (Lair:6)
  A tyrant leech (Swamp:3)
  A naga (Snake:3)
  24 fungi
  30 plants
57 creatures vanquished.

Grand Total: 967 creatures vanquished

Notes
Turn   | Place    | Note
-------+----------+-------------------------------------------
     0 | D:1      | EnegeticOcto the Djinni Earth Elementalist began the quest
                  | for the Orb.
     0 | D:1      | Reached XP level 1. HP: 15/15 MP: 0/0
    87 | D:2      | Found Ylaczupt's Distillery.
   120 | D:2      | Reached skill level 3 in Spellcasting
   123 | D:2      | Reached XP level 2. HP: 7/21 MP: 0/0
   163 | D:2      | Found an ornate altar of the Wu Jian Council.
   171 | D:2      | Found Esel Naa's General Store.
   305 | D:2      | Bought 19 stones for 26 gold pieces
   365 | D:2      | Reached XP level 3. HP: 3/25 MP: 0/0
   365 | D:2      | Learned a level 1 spell: Beastly Appendage
   401 | D:3      | Found a glowing silver altar of Zin.
   401 | D:3      | Found a snail-covered altar of Cheibriados.
   402 | D:3      | Found a burning altar of Makhleb.
   402 | D:3      | Found a sparkling altar of Nemelex Xobeh.
   413 | D:3      | Became a worshipper of Makhleb the Destroyer
   516 | D:3      | Reached skill level 4 in Spellcasting
   635 | D:3      | Reached XP level 4. HP: 11/31 MP: 0/0
   891 | D:3      | Found a hide-covered altar of Uskayaw.
   947 | D:4      | Reached * piety under Makhleb
   951 | D:4      | Reached XP level 5. HP: 13/35 MP: 0/0
   951 | D:4      | Learned a level 2 spell: Slow
  1095 | D:3      | Reached skill level 5 in Spellcasting
  1125 | D:4      | Gained mutation: You have a somewhat thin skeletal
                  | structure. (Dex +2, Stealth) [potion of mutation]
  1125 | D:4      | Gained mutation: Your natural rate of healing is unusually
                  | fast. [potion of mutation]
  1125 | D:4      | Gained mutation: You expend health (3 HP) to strengthen
                  | your wands. [potion of mutation]
  1156 | D:4      | Noticed Ijyb
  1173 | D:4      | Killed Ijyb
  1174 | D:4      | Reached XP level 6. HP: 38/40 MP: 0/0
  1361 | D:5      | Entered Level 5 of the Dungeon
  1381 | D:5      | Reached skill level 1 in Fighting
  1428 | D:5      | Found a staircase to the Ecumenical Temple.
  1433 | D:5      | Reached skill level 2 in Fighting
  1454 | D:5      | Reached ** piety under Makhleb
  1455 | D:5      | Reached skill level 6 in Spellcasting
  1472 | D:5      | Reached XP level 7. HP: 49/49 MP: 0/0
  1472 | D:5      | Learned a level 3 spell: Confusing Touch
  1529 | D:5      | Found Boaqoc's Distillery.
  1534 | D:5      | Bought a potion of heal wounds for 55 gold pieces
  1534 | D:5      | Bought a potion of lignification for 33 gold pieces
  1534 | D:5      | Bought a potion of curing for 33 gold pieces
  1575 | D:6      | Found a glowing golden altar of the Shining One.
  1583 | D:6      | Reached skill level 3 in Fighting
  1735 | D:5      | Bought a potion of degeneration for 11 gold pieces
  1735 | D:5      | Bought a potion of brilliance for 44 gold pieces
  1735 | D:5      | Bought a potion of heal wounds for 55 gold pieces
  1803 | D:6      | Reached skill level 7 in Spellcasting
  1821 | D:6      | Reached XP level 8. HP: 56/56 MP: 0/0
  1900 | D:7      | Reached skill level 8 in Spellcasting
  1970 | D:7      | Reached *** piety under Makhleb
  1984 | D:7      | Reached skill level 9 in Spellcasting
  2124 | D:8      | Found Zayguog's Distillery.
  2135 | D:8      | Bought a potion of curing for 33 gold pieces
  2135 | D:8      | Bought a potion of haste for 110 gold pieces
  2230 | D:8      | Reached XP level 9. HP: 60/60 MP: 0/0
  2230 | D:8      | Learned a level 4 spell: Iskenderun's Mystic Blast
  2302 | D:9      | Reached skill level 10 in Spellcasting
  2315 | D:9      | Found a stormy altar of Qazlal.
  2322 | D:9      | Noticed a troll
  2327 | D:9      | Killed a troll
  2339 | D:9      | Noticed an eight-headed hydra
  2343 | D:9      | Killed an eight-headed hydra
  2344 | D:9      | Reached skill level 11 in Spellcasting
  2378 | D:9      | Reached XP level 10. HP: 67/67 MP: 0/0
  2434 | D:9      | Noticed a gargoyle
  2435 | D:9      | Killed a gargoyle
  2436 | D:9      | Reached skill level 12 in Spellcasting
  2436 | D:9      | Reached **** piety under Makhleb
  2442 | D:9      | Noticed a two-headed ogre
  2459 | D:9      | Killed a two-headed ogre
  2557 | D:10     | Entered Level 10 of the Dungeon
  2568 | D:10     | Reached skill level 13 in Spellcasting
  2589 | D:10     | Reached XP level 11. HP: 71/71 MP: 0/0
  2589 | D:10     | Learned a level 5 spell: Agony
  2633 | D:9      | Found Girammasm's Antique Armour Boutique.
  2732 | D:10     | Found a blossoming altar of Fedhas.
  2833 | D:10     | Found a staircase to the Orcish Mines.
  2931 | D:10     | Noticed Sonja
  2934 | D:10     | Killed Sonja
  3008 | D:11     | Found a staircase to the Lair.
  3039 | Orc:1    | Entered Level 1 of the Orcish Mines
  3062 | Lair:1   | Entered Level 1 of the Lair of Beasts
  3065 | Lair:1   | Noticed Gastronok
  3083 | Lair:1   | Reached skill level 14 in Spellcasting
  3083 | Lair:1   | Reached ***** piety under Makhleb
  3084 | Lair:1   | Noticed a seven-headed hydra
  3088 | Lair:1   | Reached skill level 4 in Fighting
  3147 | Lair:1   | Reached skill level 5 in Fighting
  3152 | Lair:1   | Reached skill level 6 in Fighting
  3178 | Lair:1   | Killed Gastronok
  3179 | Lair:1   | Reached skill level 8 in Fighting
  3179 | Lair:1   | Reached XP level 12. HP: 81/88 MP: 0/0
  3195 | Lair:1   | Reached skill level 1 in Invocations
  3249 | Lair:2   | Reached skill level 3 in Dodging
  3251 | Lair:2   | Reached skill level 2 in Invocations
  3307 | Lair:3   | Noticed Snorg
  3319 | Lair:3   | Killed Snorg
  3320 | Lair:3   | Reached skill level 9 in Fighting
  3320 | Lair:3   | Reached skill level 4 in Dodging
  3320 | Lair:3   | Reached skill level 3 in Invocations
  3346 | Lair:3   | Identified the +6 quarterstaff of Olirairi {speed, Dex+2}
  3373 | Lair:3   | Reached skill level 5 in Dodging
  3373 | Lair:3   | Reached skill level 4 in Invocations
  3469 | Lair:2   | Noticed a seven-headed hydra
  3473 | Lair:2   | Killed a seven-headed hydra
  3588 | Lair:3   | Found a staircase to the Swamp.
  3640 | Lair:4   | Reached skill level 1 in Evocations
  3647 | Lair:4   | Reached skill level 6 in Dodging
  3649 | Lair:4   | Noticed an ice dragon
  3652 | Lair:4   | Reached skill level 5 in Invocations
  3661 | Lair:4   | Killed an ice dragon
  3662 | Lair:4   | Reached skill level 10 in Fighting
  3662 | Lair:4   | Reached skill level 2 in Evocations
  3662 | Lair:4   | Noticed a death yak
  3664 | Lair:4   | Noticed a death yak
  3668 | Lair:4   | Killed a death yak
  3668 | Lair:4   | Noticed a death yak
  3672 | Lair:4   | Killed a death yak
  3672 | Lair:4   | Noticed a death yak
  3673 | Lair:4   | Reached skill level 3 in Evocations
  3673 | Lair:4   | Reached XP level 13. HP: 96/96 MP: 0/0
  3673 | Lair:4   | Learned a level 5 spell: Fireball
  3677 | Lair:4   | Reached skill level 6 in Invocations
  3680 | Lair:4   | Reached skill level 4 in Evocations
  3775 | Lair:5   | Reached skill level 5 in Evocations
  3786 | Lair:5   | Found a gate leading to a gauntlet.
  3801 | Gauntlet | Entered a Gauntlet
  3801 | Gauntlet | Found a transporter.
  3801 | Gauntlet | Found a transporter.
  3805 | Gauntlet | Found a transporter.
  3805 | Gauntlet | Found a transporter.
  3808 | Gauntlet | Found a transporter.
  3808 | Gauntlet | Found a transporter.
  3814 | Gauntlet | Reached skill level 11 in Fighting
  3821 | Gauntlet | Identified the amulet "Buos" {Reflect rPois rF+++ Int+4
                  | SH+5 Stlth-}
  3831 | Gauntlet | Found a transporter.
  3842 | Gauntlet | Found a transporter.
  3847 | Gauntlet | Found a transporter.
  3848 | Gauntlet | Identified the +2 ring mail of the Tormentor {*Slow rPois
                  | Dex+2}
  3858 | Gauntlet | Found a transporter.
  3860 | Gauntlet | Found a transporter.
  3863 | Gauntlet | Found a transporter.
  3888 | Gauntlet | Identified the ring "Tir Ware" {+Inv rElec rF+ rC+++ Str-2}
  3923 | Gauntlet | Identified the +6 leather armour "Daulyrphyi" {Will- rCorr
                  | SInv}
  3923 | Gauntlet | Noticed a minotaur
  3930 | Gauntlet | Killed a minotaur
  3930 | Gauntlet | Reached ****** piety under Makhleb
  3931 | Gauntlet | Reached skill level 6 in Evocations
  4047 | Lair:6   | Entered Level 6 of the Lair of Beasts
  4057 | Lair:6   | Reached skill level 7 in Evocations
  4114 | Lair:6   | Found a viscous altar of Jiyva.
  4114 | Lair:6   | Found a staircase to the Slime Pits.
  4160 | Lair:6   | Reached skill level 12 in Fighting
  4224 | Lair:6   | Reached skill level 8 in Evocations
  4227 | Lair:6   | Reached XP level 14. HP: 108/108 MP: 0/0
  4248 | Lair:6   | Noticed Kirke
  4251 | Lair:6   | Reached skill level 13 in Fighting
  4252 | Lair:6   | Killed Kirke
  4294 | Lair:6   | Reached skill level 1 in Shields
  4400 | Lair:4   | Reached skill level 2 in Shields
  4435 | Lair:4   | Found a staircase to the Snake Pit.
  4459 | Lair:4   | Identified a scroll of acquirement
  4459 | Lair:4   | Acquired 905 gold pieces
  4463 | Snake:1  | Entered Level 1 of the Snake Pit
  4469 | Snake:1  | Reached skill level 3 in Shields
  4513 | Snake:2  | Reached skill level 4 in Shields
  4551 | Snake:2  | Reached skill level 14 in Fighting
  4557 | Snake:2  | Upgraded the game from 0.27-a0-906-g0a00ce863d to
                  | 0.27-a0-909-g0721f309d1
  4581 | Snake:3  | Noticed a nagaraja
  4588 | Snake:3  | Killed a nagaraja
  4592 | Snake:3  | Reached XP level 15. HP: 103/118 MP: 0/0
  4592 | Snake:3  | Learned a level 6 spell: Freezing Cloud
  4766 | Snake:3  | Reached skill level 15 in Spellcasting
  4788 | Snake:4  | Entered Level 4 of the Snake Pit
  4803 | Snake:4  | Reached skill level 15 in Fighting
  4819 | Snake:4  | Reached skill level 5 in Shields
  4831 | Snake:4  | Noticed a nagaraja
  4838 | Snake:4  | Killed a nagaraja
  4841 | Snake:4  | Found Roumann's Antique Weapon Shop.
  4999 | Snake:4  | Reached skill level 6 in Shields
  5018 | Snake:4  | Noticed a nagaraja
  5027 | Snake:4  | Reached skill level 7 in Shields
  5028 | Snake:4  | Reached XP level 16. HP: 127/127 MP: 0/0
  5028 | Snake:4  | Killed a nagaraja
  5035 | Snake:4  | Noticed a nagaraja
  5036 | Snake:4  | Noticed a nagaraja
  5040 | Snake:4  | Killed a nagaraja
  5040 | Snake:4  | Noticed a nagaraja
  5046 | Snake:4  | Killed a nagaraja
  5048 | Snake:4  | Killed a nagaraja
  5049 | Snake:4  | Reached skill level 16 in Fighting
  5049 | Snake:4  | Reached skill level 8 in Shields
  5089 | Snake:4  | Got a serpentine rune of Zot
  5321 | Swamp:1  | Entered Level 1 of the Swamp
  5329 | Swamp:1  | Reached skill level 16 in Spellcasting
  5364 | Swamp:1  | Identified the +2 hand axe of Cheibriados's Regard {holy,
                  | rElec rPois Will+ Stlth+}
  5403 | Swamp:2  | Reached skill level 9 in Shields
  5584 | Swamp:4  | Entered Level 4 of the Swamp
  5592 | Swamp:4  | Reached XP level 17. HP: 135/135 MP: 0/0
  5592 | Swamp:4  | Learned a level 6 spell: Death Channel
  5648 | Swamp:4  | Reached skill level 10 in Shields
  5691 | Swamp:4  | Reached skill level 17 in Fighting
  5742 | Swamp:4  | Got a decaying rune of Zot
  6070 | Orc:2    | Entered Level 2 of the Orcish Mines
  6070 | Orc:2    | Found a staircase to the Elven Halls.
  6173 | Orc:2    | Reached skill level 11 in Shields
  6253 | Orc:2    | Found Ysatrij's Book Shop.
  6253 | Orc:2    | Found Suoseyl's Assorted Antiques.
  6257 | Orc:2    | Found Soipny's Book Shoppe.
  6257 | Orc:2    | Found Girammasm's Armour Shop.
  6266 | Orc:2    | Bought a +1 cloak for 161 gold pieces
  6279 | Orc:2    | Bought a large peridot ring for 185 gold pieces
  6279 | Orc:2    | Bought 2 potions of lignification for 222 gold pieces
  6314 | Elf:1    | Entered Level 1 of the Elven Halls
  6421 | Elf:3    | Entered Level 3 of the Elven Halls
  6460 | Elf:3    | Reached skill level 17 in Spellcasting
  6484 | Elf:3    | Reached XP level 18. HP: 144/144 MP: 0/0
  6497 | Elf:3    | Identified the +7 rapier of the Lusting Seeker {pain, Will+
                  | MP+9 Dex-3}
  6498 | Elf:3    | Identified the +4 spear "Vothoqop" {flame, Int+2}
  6506 | Elf:3    | Identified the +3 ring mail "Risaf" {rN+}
  6521 | Elf:3    | Noticed a deep elf blademaster
  6521 | Elf:3    | Identified the +2 war axe "Xiug" {flame, +Rage Str+6}
  6524 | Elf:3    | Noticed a deep elf blademaster
  6525 | Elf:3    | Killed a deep elf blademaster
  6526 | Elf:3    | Reached skill level 12 in Shields
  6526 | Elf:3    | Noticed a deep elf blademaster
  6528 | Elf:3    | Killed a deep elf blademaster
  6531 | Elf:3    | Killed a deep elf blademaster
  6532 | Elf:3    | Reached skill level 18 in Fighting
  6536 | Elf:3    | Noticed a deep elf master archer
  6541 | Elf:3    | Killed a deep elf master archer
  6561 | Elf:3    | Reached skill level 13 in Shields
  6585 | Elf:3    | Identified the amulet of Cootap Cief {Acrobat rC- Str+3
                  | Stlth+}
  6588 | Elf:3    | Identified the ring of Conversion {Contam Str+6 Int+6 SInv
                  | Stlth-}
  6589 | Elf:3    | Identified the ring of Amelioration {Will++ MP+9 Str+2}
  6599 | Elf:3    | Identified the +5 ring mail of Fun and Games {+Inv rPois}
  6772 | D:9      | Bought a pair of glowing gloves for 202 gold pieces
  6957 | Slime:1  | Entered Level 1 of the Pits of Slime
  6977 | Slime:3  | Reached skill level 1 in Armour
  6977 | Slime:3  | Reached XP level 19. HP: 146/151 MP: 0/0
  6977 | Slime:3  | Learned a level 7 spell: Malign Gateway
  6988 | Slime:3  | Reached skill level 2 in Armour
  7017 | Slime:4  | Reached skill level 3 in Armour
  7044 | Slime:5  | Entered Level 5 of the Pits of Slime
  7070 | Slime:4  | Reached skill level 4 in Armour
  7108 | Slime:4  | Gained mutation: You are occasionally teleported next to
                  | monsters. [a shining eye]
  7133 | Slime:5  | Reached skill level 18 in Spellcasting
  7200 | Slime:5  | Reached skill level 19 in Fighting
  7202 | Slime:5  | Reached skill level 5 in Armour
  7211 | Slime:5  | Reached skill level 14 in Shields
  7250 | Slime:5  | Found a viscous altar of Jiyva.
  7280 | Slime:5  | Noticed the Royal Jelly
  7303 | Slime:5  | Killed the Royal Jelly
  7304 | Slime:5  | Reached skill level 6 in Armour
  7307 | Slime:5  | Slain by a rockslime

Illustrated notes

Levels and vault maps discovered:
D:1:      sevenhm_arrival_forest_fort_small_6, layout_loops_ring
D:2:      cheibrodos_helix_gallery, layout_basic, basic_altar, serial_shops,
          shop, shop, nicolae_shop_temple_entry_statues_fountains
D:3:      layout_basic, lemuel_round_altar,
          chequers_temple_overflow_statue_of_worship,
          ebering_ecumenical_altar_rust, minmay_fractal_squares_5
D:4:      kennysheep_the_goblin_king, layout_basic
D:5:      layout_basic, temple_doors_ab, serial_shops, kennysheep_mini
D:6:      layout_basic, amcnicky_altar_gilded, bh_walls_and_bars
D:7:      layout_rooms, st_stairs_5
D:8:      kennysheep_kobold_camp, layout_basic, serial_shops, shop_statue,
          uniq_maurice
D:9:      layout_roguey, grunt_qazlal_clouds, grunt_dithmenos_smoke_and_mirrors,
          serial_shops, nicolae_shop_crystal, nrook_pool_corridor,
          hangedman_decor_growths, minmay_misc_feat_alley
D:10:     layout_big_octagon, okawaru_metal_pillars_1_2,
          grunt_temple_overflow_growth_and_decay, serial_gnoll_camp,
          gnoll_camp_mini_house, gnoll_camp_mini_hut, gnoll_camp_mini_house,
          gnoll_camp_huts_basic, gnoll_camp_medium_01, minmay_fountain_box,
          hangedman_fish_farm, uniq_sonja
D:11:     layout_gridville, lair_entry_dummy, uniq_psyche
Lair:1:   layout_cave_pods, serial_bayou_ford_a, serial_bayou_lagoon_b,
          uniq_gastronok
Lair:2:   layout_layer_cave
Lair:3:   layout_misc_corridors, swamp_mist_pool, uniq_snorg
Lair:4:   layout_loops_ring, guppyfry_snake_entry_garden, ice2_lemuel
Lair:5:   layout_loops_ring, gauntlet_entry_generic, st_stairs_11
Lair:6:   minmay_lair_end_enchanted_forest, layout_small_grid,
          dpeg_slime_entry_enclosed_altar, uniq_kirke
Swamp:1:  layout_basic_swamp, evilmike_swamp_ruin_house_1, swamp_pool1
Swamp:2:  layout_basic_swamp, nicolae_swamp_some_circles
Swamp:3:  layout_basic_swamp, evilmike_swamp_ruin_rubble_2
Swamp:4:  swamp_basic_johnstein, layout_basic_swamp, swamp_pool1
Snake:1:  layout_misc_corridors, basic_altar, grunt_ministairs_12,
          grunt_megastairs_1
Snake:2:  layout_layer_cave, serial_shops, shop, lemuel_fruit_tree
Snake:3:  layout_cave_town, serial_shops, shop
Snake:4:  snake_pit, layout_onion_interference, serial_shops, nicolae_shop_trees
Slime:1:  layout_caves
Slime:2:  layout_caves, cheibrodos_slime_lost_civilization_5
Slime:3:  layout_caves
Slime:4:  layout_caves
Slime:5
Orc:1:    layout_caves, gammafunk_ghost_stat_death, serial_shops,
          nicolae_shop_trees, abandoned_shop
Orc:2:    grunt_orc_tribal_feast, layout_diamond_mine
Elf:1:    layout_geoelf_octagon, serial_shops, shop, minmay_elf_necromancy,
          evilmike_minifort
Elf:2:    layout_loops_corners, serial_shops, shop, ebering_ghost_rock_garden
Elf:3:    minmay_elf_hall_four_x, layout_geoelf_octagon, minmay_strange_pillars

Skill      XL: |  1  2  3  4  5  6  7  8  9 10 11 12 13 14 15 16 17 18 19 |
---------------+----------------------------------------------------------+-----
Spellcasting   | 3 4 5 6 7 9 11 13 14 15 16 17 18 | 18.2
Fighting       | 2 3 8 10 12 14 15 16 17 18 19 | 19.2
Invocations    | 5 6 |  6.0
Dodging        | 6 |  6.0
Evocations     | 3 8 |  8.0
Shields        | 4 7 9 11 13 14 | 14.2
Armour         | 1 6 |  6.0
Stealth        | |  1.5

Action                   |  1- 3 |  4- 6 |  7- 9 | 10-12 | 13-15 | 16-18 | 19-21 || total
-------------------------+-------+-------+-------+-------+-------+-------+-------++-------
Melee: Unarmed           |     1 |       |       |       |       |       |       ||     1
       Staff             |       |       |       |     1 |     3 |     1 |       ||     5
Throw: Dart              |       |       |       |     3 |       |       |       ||     3
 Cast: Sandblast         |    44 |    39 |     1 |     9 |       |       |       ||    93
       Stone Arrow       |       |    18 |    93 |   104 |     8 |     5 |       ||   228
       Lee's Rapid Decon |       |       |     8 |    62 |    47 |    79 |    19 ||   215
       Iskenderun's Myst |       |       |       |    35 |    76 |    67 |    48 ||   226
       Petrify           |       |       |       |    10 |       |       |     4 ||    14
       Passwall          |       |       |       |     4 |     6 |     8 |       ||    18
       Beastly Appendage |       |       |       |     1 |       |       |       ||     1
       Fireball          |       |       |       |       |   177 |   214 |    79 ||   470
       Freezing Cloud    |       |       |       |       |     9 |     9 |       ||    18
Evoke: Wand              |       |       |     2 |       |       |       |       ||     2
       Tin of tremorston |       |       |       |       |       |       |     1 ||     1
  Use: Scroll            |     2 |     4 |       |     4 |     8 |     7 |     6 ||    31
       Potion            |     2 |     1 |       |       |     1 |       |     5 ||     9
 Stab: Sleeping          |     1 |       |       |       |       |       |       ||     1
Armor: Robe              |     5 |       |     8 |       |       |       |       ||    13
       Troll leather arm |       |       |       |    32 |    29 |     7 |    16 ||    84
Dodge: Dodged            |    13 |       |    11 |    56 |    73 |    21 |    22 ||   196
Block: Buckler           |       |       |       |       |    14 |     4 |       ||    18
       Kite shield       |       |       |       |       |       |    12 |    16 ||    28

Table legend: (Time is in decaauts)
 A = Elapsed time spent in this place.
 B = Non-inter-level travel time spent in this place.
 C = Inter-level travel time spent in this place.
 D = Time resting spent in this place.
 E = Time spent auto-exploring this place.
 F = Levels seen in this place.
 G = Mean time per level.
                   A        B        C        D        E       F      G
               +--------+--------+--------+--------+--------+-----+--------+
         Total |   7342 |   7067 |    275 |      0 |      0 |  36 |  203.9 |
       Dungeon |   3175 |   2963 |    212 |      0 |      0 |  11 |  288.6 |
          Lair |   1581 |   1524 |     57 |      0 |      0 |   6 |  263.5 |
         Swamp |    655 |    655 |      0 |      0 |      0 |   4 |  163.8 |
     Snake Pit |    764 |    764 |      0 |      0 |      0 |   4 |  191.0 |
    Slime Pits |    350 |    350 |      0 |      0 |      0 |   5 |   70.0 |
  Orcish Mines |    270 |    265 |      5 |      0 |      0 |   2 |  135.0 |
   Elven Halls |    404 |    404 |      0 |      0 |      0 |   3 |  134.7 |
      Gauntlet |    139 |    139 |      0 |      0 |      0 |   1 |  139.0 |
               +--------+--------+--------+--------+--------+-----+--------+

Top non-repeatable levels by time:
     D:3: 645 daAuts
    D:10: 489 daAuts
 Snake:4: 359 daAuts
     D:2: 332 daAuts
  Lair:6: 315 daAuts
  Lair:4: 308 daAuts
     D:9: 308 daAuts
  Lair:2: 306 daAuts
     D:6: 272 daAuts
     D:5: 267 daAuts
     D:4: 259 daAuts
 Snake:3: 258 daAuts
   Elf:3: 240 daAuts
 Swamp:4: 240 daAuts
  Lair:5: 237 daAuts
